Match 46522726
Unlisted

Match 46522726
End
Vickers Machine Gun Team
Construct Section Command Post
Selects Indian Artillery Battlegroup
Infantry Section
Infantry Section
Infantry Section
Construct Platoon Command Post
Humber Armored Car
Construct Field Infirmary
Infantry Training
Selects Valour
Selects Gurkha Rifles Section
Gurkha Rifles Section
Construct Company Command Post
Foot Guards Section
Matilda II Heavy Tank
CAuMOH
K̳itsuné
Septimum
북딱북딱 북따닥 북딱
0
0

Comments sign in to comment!

No comments posted yet!